[Event "EYCC Open-U12 2019"]
[Site "Bratislava"]
[Date "2019.08.08"]
[Round "7.27"]
[White "Bialiauski, Artsiom"]
[Black "Tunsjo, Axel"]
[Result "1-0"]
[ECO "D37"]
[WhiteElo "1784"]
[BlackElo "2039"]
[Annotator "NA"]
[PlyCount "75"]
[EventDate "2019.08.02"]
[EventType "swiss"]
[EventCountry "SVK"]
[SourceTitle "playchess.com"]
[Source "ChessBase"]
[SourceQuality "1"]
[TimeControl "40/5400+30:1800+30"]

1. d4 Nf6 2. c4 e6 3. Nf3 d5 4. Nc3 dxc4 5. e3 a6 6. Bxc4 b5 7. Bd3 Bb7 8. O-O Be7 9. Qe2 Nbd7 10. Rd1 O-O 11. a3 Rc8 12. Bc2 c5 13. dxc5 Bxc5 14. Bd2 Qe7 15. Rac1 Bxf3 16. Qxf3 Ne5 17. Qe2 Nc4 18. Rb1 Nxd2 19. Qxd2 Rfd8 20. Bd3 e5 21. Qc2 h5 22. h3 Kf8 23. Rbc1 Bxa3 24. Bf5 Rxd1+ 25. Rxd1 Rc4 26. Bd3 Rc6 27. bxa3 Qc5 28. Nxb5 Qxc2 29. Bxc2 Rxc2 30. Nd6 g6 31. Rb1 Rc6 32. Nb7 Ke7 33. Na5 Rc5 34. Rb7+ Nd7 35. Nb3 Rb5 36. Rxb5 axb5 37. Kf1 Nb6 38. Nd2 1-0

[Event "EYCC Open-U12 2019"]
[Site "Bratislava"]
[Date "2019.08.08"]
[Round "7.28"]
[White "Chyndygyr, Tamerlan"]
[Black "Franc, Borna"]
[Result "1-0"]
[ECO "D30"]
[WhiteElo "2018"]
[BlackElo "1826"]
[Annotator "NA"]
[PlyCount "97"]
[EventDate "2019.08.02"]
[EventType "swiss"]
[EventCountry "SVK"]
[SourceTitle "playchess.com"]
[Source "ChessBase"]
[SourceQuality "1"]
[TimeControl "40/5400+30:1800+30"]

1. d4 d5 2. c4 e6 3. Nf3 f5 4. Nc3 Nf6 5. Bg5 Be7 6. e3 O-O 7. Bd3 c6 8. O-O Ne4 9. Bxe7 Qxe7 10. Ne5 Nd7 11. Nxd7 Bxd7 12. f3 Nxc3 13. bxc3 c5 14. Rb1 Bc6 15. Qe2 Qd6 16. Rfd1 Rae8 17. f4 Rf6 18. Rb2 Re7 19. Qf1 Rg6 20. Re2 Re8 21. cxd5 Bxd5 22. c4 Bc6 23. d5 exd5 24. Bxf5 Rf6 25. e4 Qe7 26. cxd5 Bb5 27. Be6+ Rxe6 28. dxe6 Qxe6 29. Rde1 Bxe2 30. Qxe2 Rd8 31. e5 Rd4 32. f5 Qxf5 33. e6 Rd8 34. Qc4 Re8 35. e7+ Qf7 36. Qxc5 b6 37. Qd6 h6 38. Qd7 a5 39. a4 Kh8 40. Qd8 Kh7 41. h3 g6 42. Qc7 Kg7 43. Qd7 Kh7 44. Rf1 Qg8 45. Rf8 Qb3 46. Qxe8 Qe3+ 47. Rf2 Qe1+ 48. Rf1 Qe3+ 49. Kh1 1-0

[Event "EYCC Open-U12 2019"]
[Site "Bratislava"]
[Date "2019.08.08"]
[Round "7.29"]
[White "Gregoric, Andraz"]
[Black "Cohen, Elad"]
[Result "1/2-1/2"]
[ECO "C65"]
[WhiteElo "1911"]
[BlackElo "2002"]
[Annotator "NA"]
[PlyCount "200"]
[EventDate "2019.08.02"]
[EventType "swiss"]
[EventCountry "SVK"]
[SourceTitle "playchess.com"]
[Source "ChessBase"]
[SourceQuality "1"]
[TimeControl "40/5400+30:1800+30"]

1. e4 e5 2. Nf3 Nc6 3. Bb5 Nf6 4. Qe2 Bc5 5. c3 O-O 6. O-O d6 7. h3 Re8 8. d3 a6 9. Ba4 b5 10. Bb3 h6 11. Be3 Bxe3 12. fxe3 Be6 13. Nbd2 d5 14. Rad1 Qe7 15. Qf2 dxe4 16. Nxe4 Nxe4 17. dxe4 Bxb3 18. axb3 Red8 19. Rd5 Rxd5 20. exd5 Na5 21. b4 Nc4 22. e4 Rd8 23. Ra1 f5 24. exf5 e4 25. Nd4 e3 26. Qe2 Rxd5 27. Rxa6 Rxd4 28. cxd4 Qe4 29. f6 Qxd4 30. Ra8+ Kf7 31. fxg7 Kxg7 32. Qg4+ Qxg4 33. hxg4 Nxb2 34. Kf1 Nd3 35. Ra7 Nxb4 36. Rxc7+ Kg6 37. Rb7 Nc2 38. Rb6+ Kg7 39. Ke2 b4 40. Kd3 Ne1+ 41. Kxe3 Nxg2+ 42. Ke4 Nh4 43. Rxb4 Kf6 44. Rb5 Ng6 45. Rh5 Kg7 46. Kf5 Nf8 47. Rh2 Ng6 48. Rh1 Ne7+ 49. Ke6 Ng6 50. Rh2 Nf4+ 51. Kf5 Ng6 52. Rh5 Nf8 53. g5 hxg5 54. Rxg5+ Kf7 55. Rh5 Ke7 56. Rh1 Kd6 57. Re1 Nd7 58. Re6+ Kd5 59. Re2 Nc5 60. Rd2+ Kc4 61. Ke5 Nd3+ 62. Ke4 Nc5+ 63. Ke3 Ne6 64. Rd1 Nc5 65. Rd4+ Kb5 66. Rh4 Kc6 67. Kd4 Ne6+ 68. Kc4 Kd6 69. Rh1 Ke5 70. Rf1 Kd6 71. Rf5 Nc7 72. Rc5 Ne6 73. Rd5+ Ke7 74. Rd1 Kf6 75. Kd5 Nf4+ 76. Kd6 Kf5 77. Rg1 Ke4 78. Rg4 Kf5 79. Rg8 Ke4 80. Rf8 Nd3 81. Re8+ Kd4 82. Re2 Nf4 83. Rd2+ Ke4 84. Ra2 Kf5 85. Ra5+ Ke4 86. Ra4+ Kf5 87. Rd4 Ng6 88. Rd5+ Ke4 89. Rh5 Nf4 90. Rh4 Kf5 91. Rh8 Ke4 92. Rf8 Nd3 93. Ra8 Nf4 94. Ra5 Ng6 95. Rd5 Nf4 96. Re5+ Kd4 97. Re1 Nd3 98. Ra1 Ke4 99. Ra4+ Kf5 100. Rd4 Nf4 1/2-1/2

[Event "EYCC Open-U12 2019"]
[Site "Bratislava"]
[Date "2019.08.08"]
[Round "7.31"]
[White "Costa, Leonardo"]
[Black "Aleksanyan, Davit"]
[Result "1-0"]
[ECO "B00"]
[WhiteElo "2002"]
[BlackElo "1797"]
[Annotator "NA"]
[PlyCount "209"]
[EventDate "2019.08.02"]
[EventType "swiss"]
[EventCountry "SVK"]
[SourceTitle "playchess.com"]
[Source "ChessBase"]
[SourceQuality "1"]
[TimeControl "40/5400+30:1800+30"]

1. e4 d6 2. d4 g6 3. Be3 Bg7 4. Nc3 Nf6 5. f3 c6 6. a4 O-O 7. Qd2 e5 8. Bc4 Nbd7 9. Nge2 Kh8 10. O-O Qe7 11. Bb3 Ne8 12. Bg5 f6 13. Bh4 g5 14. Bf2 exd4 15. Nxd4 Nc5 16. Ba2 a5 17. Rfe1 Qc7 18. Rad1 Bd7 19. Nf5 Be6 20. Bxc5 Bxa2 21. Bxd6 Nxd6 22. Qxd6 Qb6+ 23. Qd4 Qxb2 24. Ra1 Bf7 25. Reb1 Qxc2 26. Ne3 c5 27. Qxc5 Qd3 28. Rd1 Qa6 29. Nf5 Rac8 30. Qe3 Qc6 31. Nd5 Qc5 32. Nxg7 Kxg7 33. Rac1 Qxe3+ 34. Nxe3 Rxc1 35. Rxc1 b5 36. axb5 Rb8 37. Nf5+ Kg6 38. Nd6 Bb3 39. Kf2 a4 40. Ra1 Rb6 41. Nf5 Rxb5 42. Nd4 Rc5 43. Ke3 Rc8 44. Rb1 Bf7 45. Ra1 Be8 46. Kd2 Ra8 47. Ne6 Rb8 48. Kc3 Rb3+ 49. Kc2 Rb6 50. Nd4 h5 51. Ne2 h4 52. Nc3 Ra6 53. Ra2 Ra5 54. Kd3 Bd7 55. Ke3 Be8 56. g3 h3 57. Kd4 f5 58. Ke3 fxe4 59. Kxe4 Bc6+ 60. Ke3 a3 61. Nb1 Rb5 62. Nxa3 Rb3+ 63. Kd4 Bxf3 64. Nc4 g4 65. Nd2 Rb4+ 66. Ke3 Bb7 67. Ra5 Kf6 68. Ra2 Kg6 69. Ra3 Kf6 70. Rb3 Rxb3+ 71. Nxb3 Ke5 72. Nc5 Bf3 73. Nd3+ Kf5 74. Kd4 Be2 75. Nb4 Bf3 76. Nc2 Ke6 77. Ne3 Kf6 78. Nc4 Kf5 79. Ne5 Bd1 80. Nc6 Bf3 81. Na5 Ke6 82. Nb3 Kf5 83. Nc5 Kf6 84. Ne4+ Kf5 85. Nd6+ Ke6 86. Nc4 Kf5 87. Nb2 Ke6 88. Nd3 Kf5 89. Ke3 Bd1 90. Kd4 Bf3 91. Ne5 Bd1 92. Nf7 Bf3 93. Nd6+ Ke6 94. Ne4 Kf5 95. Nd2 Bd1 96. Kd5 Be2 97. Kd4 Bd1 98. Ne4 Bf3 99. Nf2 Ke6 100. Ke3 Kf5 101. Nxh3 gxh3 102. Kxf3 Kg5 103. Ke3 Kf5 104. Kd4 Kg5 105. Ke5 1-0

[Event "EYCC Open-U12 2019"]
[Site "Bratislava"]
[Date "2019.08.08"]
[Round "7.32"]
[White "Shatil, Shir"]
[Black "Labruyere, Roger"]
[Result "0-1"]
[ECO "A58"]
[WhiteElo "1653"]
[BlackElo "1897"]
[Annotator "NA"]
[PlyCount "120"]
[EventDate "2019.08.02"]
[EventType "swiss"]
[EventCountry "SVK"]
[SourceTitle "playchess.com"]
[Source "ChessBase"]
[SourceQuality "1"]
[TimeControl "40/5400+30:1800+30"]

1. d4 Nf6 2. c4 c5 3. d5 b5 4. cxb5 a6 5. bxa6 g6 6. Nc3 Bg7 7. e4 O-O 8. Nf3 Qa5 9. Bd2 Bxa6 10. Bxa6 Nxa6 11. O-O Rfb8 12. b3 Nc7 13. Rc1 d6 14. Re1 Qa6 15. Rc2 Nd7 16. g3 Nb6 17. Qe2 Qxe2 18. Rxe2 c4 19. b4 Ra3 20. Re3 Rba8 21. Bc1 Rxc3 22. Rexc3 Bxc3 23. Rxc3 Rxa2 24. Be3 Ra1+ 25. Kg2 Nb5 26. Rc1 Rxc1 27. Bxc1 f5 28. Be3 Nd7 29. exf5 gxf5 30. Nd4 Nc3 31. Nxf5 Nxd5 32. b5 Nxe3+ 33. fxe3 Kf7 34. Kf3 Kf6 35. e4 d5 36. g4 e6 37. Nd4 e5 38. Nc2 d4 39. h4 h6 40. Nb4 Nc5 41. b6 Ke6 42. Na2 Kd6 43. g5 hxg5 44. hxg5 Ke6 45. Kg4 c3 46. Nc1 c2 47. Kh5 d3 48. Nxd3 Nxd3 49. b7 c1=Q 50. b8=Q Qh1+ 51. Kg6 Qxe4+ 52. Kg7 Nf4 53. Qc8+ Kd5 54. Qd7+ Kc4 55. Qa4+ Kd3 56. Qb3+ Ke2 57. Qb2+ Kf3 58. Qb3+ Kg4 59. Qf7 Qf5 60. Qa7 Ne6+ 0-1

[Event "EYCC Open-U12 2019"]
[Site "Bratislava"]
[Date "2019.08.08"]
[Round "7.33"]
[White "Cnejev, Vladimir-Alexandru"]
[Black "Dovbnia, Nikita"]
[Result "1/2-1/2"]
[ECO "C42"]
[WhiteElo "1907"]
[BlackElo "1777"]
[Annotator "NA"]
[PlyCount "103"]
[EventDate "2019.08.02"]
[EventType "swiss"]
[EventCountry "SVK"]
[SourceTitle "playchess.com"]
[Source "ChessBase"]
[SourceQuality "1"]
[TimeControl "40/5400+30:1800+30"]

1. e4 e5 2. Nf3 Nf6 3. Nxe5 d6 4. Nf3 Nxe4 5. Nc3 Nxc3 6. dxc3 Be7 7. Be3 O-O 8. Qd2 Nd7 9. O-O-O c6 10. h4 d5 11. Ng5 Nf6 12. Be2 b5 13. f3 a5 14. g4 b4 15. c4 Ba6 16. cxd5 Qxd5 17. Kb1 Qxd2 18. Rxd2 Bxe2 19. Rxe2 h6 20. Nh3 Nd5 21. Nf4 Nxe3 22. Rxe3 Bf6 23. Nh5 Bd4 24. Rd3 Bc5 25. Ng3 Rfe8 26. Ne4 Be7 27. h5 Kf8 28. Rhd1 Red8 29. Kc1 Ke8 30. b3 Rxd3 31. Rxd3 a4 32. Kb1 g6 33. Nd6+ Kf8 34. hxg6 fxg6 35. Nc4 axb3 36. cxb3 Bf6 37. Rd6 Kf7 38. Rxc6 h5 39. Nd6+ Kg7 40. Rc7+ Kg8 41. gxh5 Be5 42. Rc6 gxh5 43. Nc4 Bg7 44. Rc5 Rf8 45. Rxh5 Rxf3 46. Rh2 Kf7 47. Re2 Rg3 48. Nd6+ Kg6 49. Re6+ Kh7 50. Re2 Kg6 51. Nc8 Rd3 52. Ne7+ 1/2-1/2

[Event "EYCC Open-U12 2019"]
[Site "Bratislava"]
[Date "2019.08.08"]
[Round "7.34"]
[White "Janeczko, Jakub"]
[Black "Kluehs, Gustaf"]
[Result "0-1"]
[ECO "B33"]
[WhiteElo "1663"]
[BlackElo "1811"]
[Annotator "NA"]
[PlyCount "96"]
[EventDate "2019.08.02"]
[EventType "swiss"]
[EventCountry "SVK"]
[SourceTitle "playchess.com"]
[Source "ChessBase"]
[SourceQuality "1"]
[TimeControl "40/5400+30:1800+30"]

1. e4 c5 2. Nf3 Nc6 3. d4 cxd4 4. Nxd4 Nf6 5. Nc3 e5 6. Ndb5 d6 7. Bg5 a6 8. Na3 b5 9. Nd5 Be7 10. Bxf6 Bxf6 11. c3 Bg5 12. Nc2 O-O 13. h4 Bh6 14. g4 Bf4 15. Qf3 Rb8 16. Be2 Re8 17. Nxf4 exf4 18. O-O-O b4 19. cxb4 Nxb4 20. Bc4 Nxc2 21. Kxc2 Qb6 22. b3 Bb7 23. Qxf4 Rxe4 24. Qxf7+ Kh8 25. Rhe1 Qa5 26. Rxe4 Bxe4+ 27. Kb2 Qe5+ 28. Ka3 Qc5+ 29. Kb2 d5 30. Qf4 Rf8 31. Qe5 Qxf2+ 32. Ka3 dxc4 33. Qxe4 c3 34. Qe7 Qb2+ 35. Kb4 Rf4+ 36. Ka5 Qxa2+ 37. Kb6 Rf6+ 38. Kc7 Qa5+ 39. Kb8 Qb6+ 40. Ka8 Qc6+ 41. Ka7 h6 42. g5 Rf5 43. Rd8+ Kh7 44. gxh6 Qxh6 45. Qe4 Qg6 46. Ka8 a5 47. h5 Qf6 48. Rd5 Qc6+ 0-1

[Event "EYCC Open-U12 2019"]
[Site "Bratislava"]
[Date "2019.08.08"]
[Round "7.35"]
[White "Gudmundsson, Gunnar Erik"]
[Black "Kvaloy, Aksel Bu"]
[Result "0-1"]
[ECO "A42"]
[WhiteElo "1746"]
[BlackElo "2205"]
[Annotator "NA"]
[PlyCount "62"]
[EventDate "2019.08.02"]
[EventType "swiss"]
[EventCountry "SVK"]
[SourceTitle "playchess.com"]
[Source "ChessBase"]
[SourceQuality "1"]
[TimeControl "40/5400+30:1800+30"]

1. d4 g6 2. c4 Bg7 3. Nc3 d6 4. e4 Nc6 5. Be3 e5 6. d5 Nd4 7. Nge2 Nxe2 8. Bxe2 f5 9. f3 Nf6 10. c5 O-O 11. O-O Nh5 12. cxd6 cxd6 13. exf5 gxf5 14. f4 Nxf4 15. Bxf4 exf4 16. Rxf4 Be5 17. Rf2 Qb6 18. Na4 Bxh2+ 19. Kf1 Qe3 20. Qc1 Qe7 21. Bc4 Bg3 22. Rc2 Qh4 23. Qe3 f4 24. Qd4 Bg4 25. Be2 f3 26. Bxf3 Qh1+ 27. Qg1 Rxf3+ 28. gxf3 Qxf3+ 29. Rf2 Bxf2 30. Qxf2 Qh1+ 31. Qg1 Rf8+ 0-1

[Event "EYCC Open-U12 2019"]
[Site "Bratislava"]
[Date "2019.08.08"]
[Round "7.36"]
[White "Rakovsky, Jakub"]
[Black "Mekhane, Adam"]
[Result "1-0"]
[ECO "C55"]
[WhiteElo "1663"]
[BlackElo "2040"]
[Annotator "NA"]
[PlyCount "135"]
[EventDate "2019.08.02"]
[EventType "swiss"]
[EventCountry "SVK"]
[SourceTitle "playchess.com"]
[Source "ChessBase"]
[SourceQuality "1"]
[TimeControl "40/5400+30:1800+30"]

1. e4 e5 2. Bc4 Nc6 3. d3 Nf6 4. Nf3 h6 5. h3 d6 6. c3 g6 7. Bb3 Bg7 8. Bc2 O-O 9. O-O d5 10. Nbd2 Be6 11. Re1 Nh5 12. Nb3 d4 13. cxd4 exd4 14. e5 g5 15. Nxg5 hxg5 16. Qxh5 Nxe5 17. Bxg5 Qd5 18. Bf4 Ng6 19. Qxd5 Bxd5 20. Bg3 Rac8 21. Nd2 f5 22. f3 b5 23. Bb3 Bxb3 24. Nxb3 f4 25. Bf2 Rfd8 26. Re6 Ne5 27. Nxd4 c5 28. Nxb5 Nxd3 29. Nxa7 Bxb2 30. Nxc8 Bxa1 31. Rd6 Rxc8 32. Rxd3 c4 33. Rd1 Bb2 34. Rd2 c3 35. Rc2 Ba3 36. Bd4 Rd8 37. Be5 Bc5+ 38. Kf1 Be3 39. Bxc3 Kf7 40. Ke2 Ke6 41. Bd2 Ba7 42. Bxf4 Kf5 43. Be3 Bb8 44. g4+ Kg6 45. h4 Re8 46. h5+ Kh7 47. Kf2 Rf8 48. Rb2 Be5 49. Rb7+ Kh8 50. a4 Bg7 51. a5 Ra8 52. Ba7 Rxa7 53. Rxa7 Bd4+ 54. Kg3 Bxa7 55. f4 Kg7 56. g5 Kf7 57. Kg4 Kg7 58. f5 Kh7 59. a6 Kg7 60. f6+ Kh7 61. Kf5 Bc5 62. Ke6 Kh8 63. g6 Kg8 64. h6 Kh8 65. g7+ Kh7 66. f7 Bf8 67. gxf8=Q Kg6 68. Qg7+ 1-0

[Event "EYCC Open-U12 2019"]
[Site "Bratislava"]
[Date "2019.08.08"]
[Round "7.37"]
[White "Prazak, Daniel"]
[Black "Soderstrom, Adrian"]
[Result "0-1"]
[ECO "A48"]
[WhiteElo "1586"]
[BlackElo "1970"]
[Annotator "NA"]
[PlyCount "76"]
[EventDate "2019.08.02"]
[EventType "swiss"]
[EventCountry "SVK"]
[SourceTitle "playchess.com"]
[Source "ChessBase"]
[SourceQuality "1"]
[TimeControl "40/5400+30:1800+30"]

1. d4 Nf6 2. Nf3 g6 3. Nc3 d5 4. Bf4 Bg7 5. e3 O-O 6. Be2 c5 7. Ne5 Nc6 8. O-O cxd4 9. exd4 Qb6 10. Nxc6 bxc6 11. Na4 Qd8 12. Nc5 Nd7 13. Nxd7 Bxd7 14. c3 f6 15. Qd2 e5 16. Be3 Be6 17. Rfe1 Rf7 18. dxe5 fxe5 19. f4 d4 20. cxd4 exd4 21. Bf2 Qd6 22. Bg3 Qd7 23. Bf3 Bd5 24. Bxd5 Qxd5 25. Bf2 Raf8 26. g3 g5 27. Rad1 c5 28. b4 gxf4 29. bxc5 fxg3 30. Bxg3 d3 31. Qxd3 Qxc5+ 32. Qe3 Qc4 33. Rd2 Rf1+ 34. Kg2 Rxe1 35. Qxe1 Bc3 36. Qc1 Qe4+ 37. Kh3 Qf5+ 38. Kg2 Bxd2 0-1

[Event "EYCC Open-U12 2019"]
[Site "Bratislava"]
[Date "2019.08.08"]
[Round "7.38"]
[White "Stevik, Patrik"]
[Black "Cherneyko, Ivan"]
[Result "0-1"]
[ECO "A05"]
[WhiteElo "1941"]
[BlackElo "1743"]
[Annotator "NA"]
[PlyCount "66"]
[EventDate "2019.08.02"]
[EventType "swiss"]
[EventCountry "SVK"]
[SourceTitle "playchess.com"]
[Source "ChessBase"]
[SourceQuality "1"]
[TimeControl "40/5400+30:1800+30"]

1. Nf3 Nf6 2. c4 c6 3. g3 d5 4. cxd5 cxd5 5. d4 Nc6 6. Nc3 a6 7. Bg2 Bf5 8. O-O e6 9. Nh4 Bg4 10. h3 Bh5 11. Nf3 Bd6 12. a3 Rc8 13. Re1 O-O 14. Qa4 b5 15. Qxa6 Bxf3 16. exf3 Nxd4 17. Rd1 Ra8 18. Qb7 Rb8 19. Qa7 Nb3 20. Rb1 Bc5 21. Qa6 Rb6 22. Qa7 Qc8 23. a4 Rb8 24. Qxb8 Qxb8 25. Nxb5 Qb6 26. Rf1 Nh5 27. Kh2 Bxf2 28. Rd1 Bxg3+ 29. Kh1 Nxc1 30. Rbxc1 Bf4 31. Rc2 Ng3+ 32. Kh2 Nf1+ 33. Kh1 Ne3 0-1

[Event "EYCC Open-U12 2019"]
[Site "Bratislava"]
[Date "2019.08.08"]
[Round "7.39"]
[White "Herwy, Jakub"]
[Black "Uritsky, Yonathan"]
[Result "0-1"]
[ECO "B24"]
[WhiteElo "1685"]
[BlackElo "2040"]
[Annotator "NA"]
[PlyCount "122"]
[EventDate "2019.08.02"]
[EventType "swiss"]
[EventCountry "SVK"]
[SourceTitle "playchess.com"]
[Source "ChessBase"]
[SourceQuality "1"]
[TimeControl "40/5400+30:1800+30"]

1. e4 c5 2. Nc3 Nc6 3. g3 g6 4. Bg2 Bg7 5. d3 Rb8 6. f4 b5 7. Nf3 b4 8. Ne2 d6 9. O-O e6 10. a3 a5 11. axb4 axb4 12. d4 cxd4 13. Nexd4 Nge7 14. Be3 O-O 15. Nxc6 Nxc6 16. Nd4 Ne7 17. Kh1 Bb7 18. Qd2 d5 19. e5 Qd7 20. Rfc1 Ba8 21. Bf2 Rfc8 22. Nb3 Nc6 23. Bc5 Bf8 24. Bxf8 Kxf8 25. Rf1 Ne7 26. Nd4 Kg8 27. g4 Kh8 28. Rf3 Rf8 29. f5 exf5 30. gxf5 Nxf5 31. Nxf5 gxf5 32. Qd4 Qe6 33. Bh3 Qb6 34. Qxb6 Rxb6 35. Rxf5 b3 36. Rf2 Rfb8 37. Bg2 Kg7 38. c3 Re6 39. Re2 Rbe8 40. Rg1 Kh8 41. Ra1 Bc6 42. Rf2 Rxe5 43. Rxf7 Re1+ 44. Rf1 Rxf1+ 45. Rxf1 Re2 46. Rb1 Rd2 47. c4 Kg7 48. h3 Kf6 49. Ra1 Ke5 50. cxd5 Bxd5 51. Bxd5 Kxd5 52. Ra7 Rxb2 53. Rxh7 Kd4 54. h4 Rc2 55. Rd7+ Kc3 56. Rc7+ Kd2 57. Rb7 b2 58. h5 Kc1 59. h6 b1=Q 60. Rxb1+ Kxb1 61. h7 Rc8 0-1

[Event "EYCC Open-U12 2019"]
[Site "Bratislava"]
[Date "2019.08.08"]
[Round "7.40"]
[White "Culum, Sanjin"]
[Black "Ivanov, Svetlen"]
[Result "0-1"]
[ECO "B40"]
[WhiteElo "1912"]
[BlackElo "1717"]
[Annotator "NA"]
[PlyCount "116"]
[EventDate "2019.08.02"]
[EventType "swiss"]
[EventCountry "SVK"]
[SourceTitle "playchess.com"]
[Source "ChessBase"]
[SourceQuality "1"]
[TimeControl "40/5400+30:1800+30"]

1. e4 c5 2. Nf3 e6 3. d4 cxd4 4. Nxd4 Nf6 5. Nc3 Nc6 6. Be2 Bb4 7. Nxc6 bxc6 8. O-O d5 9. exd5 cxd5 10. a3 Bd6 11. Bf3 Ba6 12. Re1 O-O 13. Be3 Qc7 14. h3 Rab8 15. Qd2 Rxb2 16. Bd4 Bf4 17. Qd1 Rbb8 18. g3 Bd6 19. Be2 Bc4 20. Bxc4 Qxc4 21. Qd2 Rbc8 22. Qd3 Rfd8 23. Nb5 a6 24. Nxd6 Rxd6 25. Qxc4 Rxc4 26. c3 Ne4 27. Rec1 Rdc6 28. Rab1 h5 29. Rb4 Nd2 30. Rb8+ Kh7 31. Rd1 Ne4 32. Rf8 f6 33. Rb1 Nxc3 34. Bxc3 Rxc3 35. Rf7 Rc1+ 36. Rxc1 Rxc1+ 37. Kg2 Ra1 38. Re7 e5 39. Rd7 d4 40. Rd5 Rxa3 41. f4 Re3 42. fxe5 fxe5 43. Ra5 Kg6 44. Rxa6+ Kf5 45. Kf2 h4 46. gxh4 Rxh3 47. Ra7 g6 48. Rf7+ Ke4 49. Rf6 Rxh4 50. Rxg6 Rh2+ 51. Ke1 Kf4 52. Rg1 Ra2 53. Rg6 e4 54. Kd1 Kf3 55. Re6 d3 56. Rh6 e3 57. Rh3+ Kf4 58. Rh4+ Kg3 0-1

[Event "EYCC Open-U12 2019"]
[Site "Bratislava"]
[Date "2019.08.08"]
[Round "7.41"]
[White "Paseka, Matyas"]
[Black "Isaksson, Max"]
[Result "1/2-1/2"]
[ECO "C97"]
[WhiteElo "1917"]
[BlackElo "1695"]
[Annotator "NA"]
[PlyCount "86"]
[EventDate "2019.08.02"]
[EventType "swiss"]
[EventCountry "SVK"]
[SourceTitle "playchess.com"]
[Source "ChessBase"]
[SourceQuality "1"]
[TimeControl "40/5400+30:1800+30"]

1. e4 e5 2. Nf3 Nc6 3. Bb5 a6 4. Ba4 Nf6 5. O-O Be7 6. Re1 b5 7. Bb3 d6 8. c3 O-O 9. h3 Na5 10. Bc2 c5 11. d4 Qc7 12. d5 Bd7 13. Nbd2 Rac8 14. Nf1 Nb7 15. Ng3 c4 16. Nh4 g6 17. Bh6 Rfe8 18. Qf3 Qd8 19. Ngf5 Bf8 20. Bxf8 Kxf8 21. Ne3 Nc5 22. g4 Nfxe4 23. Nxg6+ hxg6 24. Bxe4 Nxe4 25. Qxe4 Qh4 26. Qf3 Kg7 27. Ng2 Qg5 28. Qe3 Qxe3 29. Rxe3 Rc5 30. Rd1 Bc8 31. Re2 Rh8 32. Re3 Bb7 33. f4 Bxd5 34. fxe5 Bxg2 35. Kxg2 dxe5 36. Rd7 Re8 37. Rf3 Rf8 38. Kf2 Rc6 39. g5 Kg8 40. Re7 f6 41. h4 Rf7 42. Re8+ Rf8 43. Re7 Rf7 1/2-1/2

[Event "EYCC Open-U12 2019"]
[Site "Bratislava"]
[Date "2019.08.08"]
[Round "7.42"]
[White "Bunic, Emanuel"]
[Black "Codreanu, Marius"]
[Result "0-1"]
[ECO "E67"]
[WhiteElo "1718"]
[BlackElo "1834"]
[Annotator "NA"]
[PlyCount "180"]
[EventDate "2019.08.02"]
[EventType "swiss"]
[EventCountry "SVK"]
[SourceTitle "playchess.com"]
[Source "ChessBase"]
[SourceQuality "1"]
[TimeControl "40/5400+30:1800+30"]

1. d4 d6 2. Nf3 g6 3. g3 Bg7 4. Bg2 Nd7 5. O-O Ngf6 6. c4 O-O 7. Nc3 e5 8. Qc2 c6 9. Rd1 Qc7 10. dxe5 dxe5 11. Ng5 Nc5 12. b4 Ne6 13. Nf3 b6 14. Bb2 Bb7 15. Nxe5 Qxe5 16. Nd5 Qxb2 17. Ne7+ Kh8 18. Qxb2 Ng8 19. Qc1 Nxe7 20. Rb1 Rad8 21. e3 a6 22. Qc2 b5 23. a4 bxc4 24. Qxc4 Nd5 25. Rbc1 Bb2 26. Rb1 Bg7 27. h3 h6 28. Kh2 Kh7 29. h4 h5 30. Bf3 Nc3 31. Rxd8 Rxd8 32. Rc1 Rd2 33. Kg2 Nd5 34. Kg1 Rb2 35. Bxd5 cxd5 36. Qd3 Ra2 37. Qb3 Rb2 38. Qd3 Ra2 39. Qb3 Rb2 40. Qd3 Bf6 41. Rb1 Ra2 42. Qb3 Rd2 43. Qa3 d4 44. b5 a5 45. Qb3 Kg7 46. Qa3 g5 47. hxg5 Nxg5 48. Rc1 Nh3+ 49. Kf1 d3 50. Rc6 Rxf2+ 51. Ke1 Re2+ 52. Kf1 Rf2+ 53. Ke1 d2+ 54. Kd1 Bxc6 55. bxc6 Be5 56. Qc5 Bc7 57. Qe7 Bxg3 58. c7 Bxc7 59. Qxc7 h4 60. Qd7 Ng5 61. e4 Kg6 62. Qa7 Rg2 63. Qa6+ Kh5 64. Qf1 h3 65. Kc2 Kh4 66. Qf4+ Kh5 67. Qf1 Kh4 68. Qf4+ Rg4 69. Qf2+ Rg3 70. Qf4+ Rg4 71. Qf2+ Kh5 72. Qf1 Rxe4 73. Kxd2 Rxa4 74. Kc3 Rg4 75. Kb3 h2 76. Ka3 f5 77. Qd1 f4 78. Ka4 f3+ 79. Kxa5 Rh4 80. Qh1 Kg4 81. Kb5 Ne4 82. Qe1 h1=Q 83. Qxe4+ Kg3 84. Qe5+ Kf2 85. Qc5+ Kf1 86. Qc1+ Kf2 87. Qd2+ Kg3 88. Qg5+ Rg4 89. Qe5+ Kg2 90. Qb2+ f2 0-1

[Event "EYCC Open-U12 2019"]
[Site "Bratislava"]
[Date "2019.08.08"]
[Round "7.43"]
[White "Rotunno, Flavio"]
[Black "Werner, Hong Quan Dan"]
[Result "0-1"]
[ECO "E97"]
[WhiteElo "1819"]
[BlackElo "1734"]
[Annotator "NA"]
[PlyCount "68"]
[EventDate "2019.08.02"]
[EventType "swiss"]
[EventCountry "SVK"]
[SourceTitle "playchess.com"]
[Source "ChessBase"]
[SourceQuality "1"]
[TimeControl "40/5400+30:1800+30"]

1. d4 Nf6 2. Nf3 g6 3. c4 Bg7 4. Nc3 d6 5. e4 O-O 6. Be2 e5 7. O-O Nc6 8. d5 Ne7 9. Nd2 Ne8 10. b4 f5 11. a4 a5 12. bxa5 Rxa5 13. Nb3 Ra8 14. f3 f4 15. c5 g5 16. Ba3 Rf6 17. Bb4 h5 18. Kf2 Rg6 19. Ke1 g4 20. Kd2 Bh6 21. Kc2 Bf8 22. Nb5 Bd7 23. Qd2 Rc8 24. Kb2 dxc5 25. Nxc5 Bxb5 26. Bxb5 c6 27. Nxb7 Qb6 28. Bxe7 Bxe7 29. dxc6 Rgxc6 30. Qd5+ Kg7 31. Rfc1 Qf2+ 32. Kb3 Qe3+ 33. Bd3 Rb6+ 34. Ka2 Qd2+ 0-1

[Event "EYCC Open-U12 2019"]
[Site "Bratislava"]
[Date "2019.08.08"]
[Round "7.44"]
[White "Venkatesan, Kavin"]
[Black "Cherniaev, Danil"]
[Result "1-0"]
[ECO "E15"]
[WhiteElo "1797"]
[BlackElo "1513"]
[Annotator "NA"]
[PlyCount "101"]
[EventDate "2019.08.02"]
[EventType "swiss"]
[EventCountry "SVK"]
[SourceTitle "playchess.com"]
[Source "ChessBase"]
[SourceQuality "1"]
[TimeControl "40/5400+30:1800+30"]

1. d4 Nf6 2. c4 e6 3. Nf3 b6 4. g3 Bb4+ 5. Bd2 Qe7 6. Bg2 Bb7 7. O-O Bxd2 8. Nbxd2 O-O 9. Qc2 d6 10. e4 e5 11. Rfe1 Nbd7 12. Nh4 g6 13. Rad1 Rad8 14. Nb3 Nh5 15. d5 Ng7 16. Kh1 Rde8 17. Bh3 Bc8 18. Bg2 f5 19. exf5 Nxf5 20. Nxf5 Rxf5 21. Nd4 Rf6 22. Rd2 Qf7 23. Nb5 Nc5 24. b4 Bf5 25. Qc3 Nb7 26. Nxa7 Bg4 27. Qb2 Rf8 28. Rf1 Bf3 29. Bxf3 Rxf3 30. Re2 Qf5 31. Nc6 Qh3 32. Rg1 Kg7 33. Rg2 Qg4 34. Rxe5 dxe5 35. Nxe5 Qe4 36. Nxf3+ Kg8 37. Ne5 Rf5 38. f4 Nd6 39. c5 Nb5 40. d6 cxd6 41. cxd6 Nxd6 42. Qb3+ Kg7 43. Qc3 Kg8 44. Qb3+ Kg7 45. Qc3 Kg8 46. h4 Nf7 47. Nd7 Qb1+ 48. Kh2 Nd6 49. Nxb6 Rb5 50. Nc8 Ne4 51. Qc4+ 1-0

[Event "EYCC Open-U12 2019"]
[Site "Bratislava"]
[Date "2019.08.08"]
[Round "7.45"]
[White "Zakarian, Dimitrios Levon"]
[Black "Zlatkov, Anton"]
[Result "0-1"]
[ECO "D37"]
[WhiteElo "1580"]
[BlackElo "1782"]
[Annotator "NA"]
[PlyCount "76"]
[EventDate "2019.08.02"]
[EventType "swiss"]
[EventCountry "SVK"]
[SourceTitle "playchess.com"]
[Source "ChessBase"]
[SourceQuality "1"]
[TimeControl "40/5400+30:1800+30"]

1. d4 d5 2. Nf3 Nf6 3. c4 e6 4. Nc3 Nbd7 5. Bg5 Be7 6. e3 a6 7. a4 O-O 8. Qc2 b6 9. cxd5 exd5 10. Bd3 Bb7 11. O-O Ne4 12. Bxe7 Qxe7 13. Qb3 Qd6 14. Bxe4 dxe4 15. Nd2 Rae8 16. Rfd1 Re6 17. Qa3 c5 18. dxc5 Nxc5 19. Nf1 Qe5 20. Ne2 Nd3 21. Nd4 Rg6 22. Ng3 f5 23. Nge2 f4 24. Nxf4 Nxf4 25. exf4 Qxf4 26. Qe3 Qg4 27. Qg3 e3 28. f3 Qxg3 29. hxg3 Rxg3 30. Kh2 Rg6 31. Re1 Rd6 32. Nc2 Rd2 33. Nxe3 Bxf3 34. Kg3 Bb7 35. b4 Re8 36. Kf4 h6 37. Nf5 Rf8 38. Ke5 Rd5+ 0-1